 Dungeon Crawl Stone Soup version 0.32-a0-675-gdc239d62e1 (webtiles) character file.

Game seed: 17311204635394051501

4 Esekla the Firebug (level 1, 0/14 HPs)
             Began as a Mountain Dwarf Wanderer on Mar 11, 2024.
             Frozen to death by an endoplasm (3 damage)
             ... on level 1 of the Dungeon.
             The game lasted 00:02:08 (166 turns).

Esekla the Firebug (Mountain Dwarf Wanderer)         Turns: 166, Time: 00:02:08

Health: 0/14       AC:  2    Str: 13    XL:     1   Next: 50%
Magic:  2/2        EV: 11    Int: 15    God:
Gold:   35         SH:  0    Dex:  7    Spells: 2/2 levels left

rFire   . . .        a - +0 dagger
rCold   . . .        (no shield)
rNeg    . . .        d - +0 robe
rPois   .            (no helmet)
rElec   .            (no cloak)
rCorr   .            (no gloves)
SInv    .            (no boots)
Will    .....        (no amulet)
Stlth   +            (no ring)
HPRegen 0.22/turn    (no ring)
MPRegen 0.08/turn

%: no passive effects
@: no status effects
A: runic magic, artefact enchanting
a: no special abilities


You were on level 1 of the Dungeon.
You visited 1 branch of the dungeon, and saw 1 of its levels.

You collected 35 gold pieces.

Inventory:

Hand Weapons
 a - a +0 dagger (weapon)
Missiles
 b - 10 poisoned darts (quivered)
Armour
 d - a +0 robe (worn)
Scrolls
 c - a scroll of vulnerability
 e - a scroll of poison {unknown}


   Skills:
 + Level 1.0 Throwing
 + Level 1.2 Armour
 * Level 1.0 Spellcasting
 * Level 2.1 Necromancy
 + Level 6.2 Fire Magic


You had 2 spell levels left.
You didn't know any spells.
Your spell library contained the following spells:

 Spells                   Type           Power      Damage    Failure   Level
 Foxfire                  Conj/Fire      40%        2x1d6     7%          1
 Kiss of Death            Conj/Necr      16%        2d6       16%         1
 Inner Flame              Hex/Fire       10%        N/A       21%         3
 Vampiric Draining        Necr           7%         2d6       30%         3
 Sticky Flame             Fire/Alch      10%        2d5       56%         4


Dungeon Overview and Level Annotations

Branches:
Dungeon (1/15)

Altars:


Innate Abilities, Weirdness & Mutations

Your spellcasting is much less encumbered by armour.
You can use scrolls of enchantment on lesser artefacts.


Message History

You hit the rat.
The rat is severely wounded.
The rat bites you.
You hit the rat.
You kill the rat!
You start resting.
A rat is nearby!
You barely miss the rat. The rat barely misses you.
You hit the rat.
You kill the rat!
You see here a rat corpse.
An endoplasm comes into view.
The endoplasm hits you but does no damage.
You hit the endoplasm.
The endoplasm is moderately wounded.
The endoplasm freezes you.
You are frozen.
You hit the endoplasm.
The endoplasm is heavily wounded.
The endoplasm misses you.
You hit the endoplasm but do no damage.
The endoplasm is heavily wounded.
The endoplasm hits you but does no damage.
You hit the endoplasm but do no damage.
The endoplasm is heavily wounded.
The endoplasm freezes you.
You are frozen.
You hit the endoplasm.
The endoplasm is severely wounded.
The endoplasm freezes you.
You are frozen.
* * * LOW HITPOINT WARNING * * *
You hit the endoplasm.
The endoplasm is almost dead.
The endoplasm closely misses you.
You hit the endoplasm but do no damage.
The endoplasm is almost dead.
The endoplasm freezes you.
You are frozen.
You die...

.......................
#...........#........
#.....?##...#........
##.....##...#........
#r....#.............
.........#.............
.........#......######.
.........#..J....###
.........#...@.....# ..
####.....#.......#†# .##.#
#######.....#.......#.# .#.....
~~~~~~###.........^.#.###...##..
~~~~~~☼#...##.####.....##.......#
~~~#~~○#...##....................
~~~~~○~#.........#...............
~~~~~~~#...............>....#.#.#
########.........##.......#......


You could see an endoplasm.

Vanquished Creatures
  2 ball pythons (D:1)
  3 rats (D:1)
5 creatures vanquished.

Notes
Turn   | Place    | Note
-------+----------+-------------------------------------------
     0 | D:1      | Esekla the Mountain Dwarf Wanderer began the quest for the
                  | Orb.
     0 | D:1      | Esekla set off with the following items: a +0 dagger, 10
                  | poisoned darts, a scroll of vulnerability, a +0 robe; and
                  | the following spells available to memorise: Foxfire, Kiss
                  | of Death, Inner Flame, Vampiric Draining, Sticky Flame.
     0 | D:1      | Reached XP level 1. HP: 14/14 MP: 2/2
   166 | D:1      | Frozen to death by an endoplasm

Illustrated notes

Levels and vault maps discovered:
D:1:      saegor_arrival_miasma, layout_basic, serial_glass, glass_columns_b,
          glass_columns_a, hellmonk_ecumenical_altar_run_dry

Action                     || total
---------------------------++-------
  Melee: Dagger            ||    21
 Armour: Robe              ||    12
  Dodge: Dodged            ||     6

Table legend: (Time is in decaauts)
 A = Elapsed time spent in this place.
 B = Non-inter-level travel time spent in this place.
 C = Inter-level travel time spent in this place.
 D = Time resting spent in this place.
 E = Time spent auto-exploring this place.
 F = Levels seen in this place.
 G = Mean time per level.
                   A        B        C        D        E       F      G
               +--------+--------+--------+--------+--------+-----+--------+
         Total |    166 |    166 |      0 |     28 |      0 |   1 |  166.0 |
       Dungeon |    166 |    166 |      0 |     28 |      0 |   1 |  166.0 |
               +--------+--------+--------+--------+--------+-----+--------+

Top non-repeatable levels by time:
     D:1: 166 daAuts
